 Dungeon Crawl Stone Soup version 0.22-a0-460-g49b1da7 (webtiles) character file.

171 Galder the Magician (level 5, -1/28 HPs)
             Began as a Deep Elf Wizard on June 9, 2018.
             Slain by bubblethief's ghost (2 damage)
             ... on level 3 of the Dungeon.
             The game lasted 00:19:16 (2485 turns).

Galder the Magician (Deep Elf Wizard)               Turns: 2485, Time: 00:19:17

Health: -1/28      AC:  5    Str:  5    XL:     5   Next: 26%
Magic:  0/15       EV: 12    Int: 23    God:
Gold:   115        SH:  8    Dex: 13    Spells: 10/16 levels left

rFire    . . .     SeeInvis .   a - +0 dagger
rCold    . . .     Gourm    .   t - +0 buckler
rNeg     . . .     Faith    .   c - +2 robe {Archmagi}
rPois    .         Spirit   .   b - +0 hat
rElec    .         Reflect  +   (no cloak)
rCorr    .         Harm     .   (no gloves)
MR       .....                  o - +0 pair of boots
Stlth    ++........             i - +4 amulet of reflection
HPRegen  0.09/turn              (no ring)
MPRegen  0.14/turn              (no ring)

@: no status effects
A: no striking features
a: no special abilities


You were on level 3 of the Dungeon.
You were near starving.

You visited 1 branch of the dungeon, and saw 4 of its levels.

You collected 115 gold pieces.

Inventory:

Hand Weapons
 a - a +0 dagger (weapon)
 p - a +5 vampiric dagger
 u - a +1 dagger of draining
Missiles
 q - 83 stones (quivered)
 v - a throwing net
Armour
 b - a +0 hat (worn)
 c - a +2 robe of the Archmagi (worn)
 o - a +0 pair of boots (worn)
 t - a +0 buckler (worn)
Jewellery
 i - a +4 amulet of reflection (around neck)
Wands
 x - a wand of random effects (18)
Scrolls
 e - 4 scrolls of identify {unknown}
 j - a scroll of magic mapping {unknown}
 l - 2 scrolls of blinking {unknown}
 n - 2 scrolls of fog {unknown}
 w - a scroll of enchant armour {unknown}
 y - a scroll of teleportation {unknown}
Potions
 f - a potion of lignification {unknown}
 g - 3 potions of curing
 h - a potion of mutation {unknown}
 k - a potion of heal wounds
 m - a potion of brilliance {unknown}
 r - a potion of degeneration {unknown}
 s - a potion of flight {unknown}
Comestibles
 d - 6 rations


   Skills:
 - Level 2.9 Dodging
 - Level 2.9 Stealth
 * Level 1.8 Shields
 * Level 6.3 Spellcasting
 + Level 2.4 Conjurations
   Level 1.1 Summonings
 - Level 1.1 Translocations


You had 10 spell levels left.
You knew the following spells:

 Your Spells              Type           Power        Failure   Level  Hunger
a - Magic Dart            Conj           ####         4%          1    None
b - Blink                 Tloc           N/A          11%         2    None
c - Mephitic Cloud        Conj/Pois/Air  ###.....     24%         3    #......

Your spell library contained the following spells:

 Spells                   Type           Power        Failure   Level  Hunger
 Conjure Flame            Conj/Fire      ###.....     21%         3    #......
 Slow                     Hex            ##......     16%         2    None
 Call Imp                 Summ           ###.....     11%         2    None


Dungeon Overview and Level Annotations

Branches:
Dungeon (4/15)
 Temple: D:4-7

Altars:
Fedhas
Gozag
Nemelex Xobeh

Annotations:
D:3 Natasha; bubblethief's ghost, amateur MfGl


Message History

Bubblethief's ghost is severely damaged.
You block bubblethief's ghost's attack.
You barely miss bubblethief's ghost.
Bubblethief's ghost is severely damaged.
Bubblethief's ghost says, "One skewered Elf, coming right up."
Bubblethief's ghost hits you.
* * * LOW HITPOINT WARNING * * *
Casting: Magic Dart (safe; 4% risk of failure)
Confirm with . or Enter, or press ? or * to list all spells.
Aiming: Magic Dart (safe; 4% risk of failure)
Press: ? - help, Shift-Dir - straight line, f/p - bubblethief's ghost
Aim: bubblethief's ghost (severely damaged)
You feel a surge of power!
The magic dart hits bubblethief's ghost.
Bubblethief's ghost is severely damaged.
You block bubblethief's ghost's attack.
You barely miss bubblethief's ghost.
Bubblethief's ghost is severely damaged.
Bubblethief's ghost hits you.
You die...

#.# # #.# .# ## #.# .#
.######### #.# .#
.........####.# .# #.
..............# .# #.#
..######.########.####.#
#.# ..#
#.##............# #.#
#.######.......W@.# #.#
#.##.....##.####..# #.#
#.##.###.##.#
#..###########.###
#.##.# #.##(#
#.................
#.##.###.##.#
#.############.###
#......#.##.# #.# #.#
...###.#.##.# #.# #.#
...# #...##.# #.# #.#
.#.###.####.# #.# #.#


You could see bubblethief's ghost.

Vanquished Creatures
  2 orc wizards (D:3)
  4 adders
  2 worms (D:2)
  6 dart slugs
  An orc (D:3)
  A ball python (D:3)
  2 giant cockroaches (D:1)
  14 goblins
  8 hobgoblins
  3 jackals (D:2)
  A bat (D:1)
  6 frilled lizards
  7 kobolds
  9 rats
66 creatures vanquished.

Vanquished Creatures (others)
  An octopode (D:1)
  A vine stalker (D:1)
  2 elves (D:1)
  A formicid (D:1)
  2 vampires (D:1)
  An ogre (D:1)
  A centaur (D:1)
  3 kobolds (D:1)
  5 tentacles (D:1)
17 creatures vanquished.

Grand Total: 83 creatures vanquished

Notes
Turn   | Place    | Note
-------+----------+-------------------------------------------
     0 | D:1      | Galder the Deep Elf Wizard began the quest for the Orb.
     0 | D:1      | Reached XP level 1. HP: 10/10 MP: 7/7
     0 | D:1      | Noticed a formicid
     0 | D:1      | Noticed a vampire
     0 | D:1      | Noticed an ogre
     0 | D:1      | Noticed an elf
     0 | D:1      | Noticed a kraken
     0 | D:1      | Noticed a centaur
     0 | D:1      | Noticed an elf
     0 | D:1      | Noticed a vine stalker
     0 | D:1      | Noticed an octopode
     0 | D:1      | Noticed a vampire
     4 | D:1      | Killed a vampire
     4 | D:1      | Killed a centaur
     5 | D:1      | Killed an elf
     7 | D:1      | Killed a formicid
     8 | D:1      | Killed an octopode
     9 | D:1      | Killed an elf
    10 | D:1      | Killed a vine stalker
    10 | D:1      | Killed a vampire
    11 | D:1      | Killed an ogre
   252 | D:3      | Noticed Natasha
   310 | D:2      | Reached skill level 5 in Spellcasting
   310 | D:2      | Reached XP level 2. HP: 9/15 MP: 0/10
   639 | D:1      | Reached XP level 3. HP: 19/19 MP: 7/11
  1345 | D:2      | Found a blossoming altar of Fedhas.
  1379 | D:2      | Reached XP level 4. HP: 24/24 MP: 4/13
  1500 | D:2      | Reached skill level 1 in Shields
  1527 | D:2      | Found a sparkling altar of Nemelex Xobeh.
  1736 | D:2      | Found an opulent altar of Gozag.
  2066 | D:3      | Reached skill level 6 in Spellcasting
  2087 | D:3      | Learned a level 2 spell: Blink
  2091 | D:3      | Learned a level 3 spell: Mephitic Cloud
  2165 | D:3      | Reached XP level 5. HP: 12/28 MP: 0/15
  2458 | D:3      | Noticed bubblethief's ghost (amateur MfGl)
  2483 | D:3      | HP: 1/28 [bubblethief's ghost (5)]
  2485 | D:3      | Slain by bubblethief's ghost

Vault maps used:
D:1:      nicolae_arrival_kraken_aquarium_a, st_stairs_8, minmay_octomino_e4
D:2:      cheibrodos_helix_gallery,
          nicolae_gozag_cash_rules_everything_around_me,
          nicolae_overflow_crystal_walls, old_standard_altar,
          kennysheep_generic_room_14
D:3:      makhleb_blood_cavern_becter, first_ration, uniq_terence, uniq_natasha

Skill      XL: |  1  2  3  4 |
---------------+-------------+-----
Spellcasting   | 5 6 |  6.3
Shields        | 1 |  1.8
Conjurations   | 2 |  2.4
Dodging        | |  2.9
Stealth        | |  2.9
Summonings     | |  1.1
Translocations | |  1.1

Action                   |  1- 3 |  4- 6 || total
-------------------------+-------+-------++-------
Melee: Dagger            |     5 |    17 ||    22
 Cast: Magic Dart        |    86 |    83 ||   169
  Use: Potion            |       |     3 ||     3
  Eat: Chunk             |     1 |     2 ||     3
Armor: Robe              |     6 |    11 ||    17
Dodge: Dodged            |    10 |    23 ||    33
Block: Other             |     1 |       ||     1
       Buckler           |       |    16 ||    16
       Reflection        |       |     1 ||     1

Table legend:
 A = Spawn XP
 B = Non-spawn XP
 C = Spawn XP percentage of total XP
 D = Spawn monster count
 E = Non-spawn monster count
 F = Spawn count percentage of total count
 G = Total turns spent on level
                    A         B        C        D         E        F      G
               +---------+---------+-------+---------+---------+-------+---------
         Total |       0 |     245 |   0.0 |       0 |      66 |   0.0 |  2485
               +---------+---------+-------+---------+---------+-------+---------
           D:1 |       0 |      60 |   0.0 |       0 |      32 |   0.0 |  1243
           D:2 |       0 |      86 |   0.0 |       0 |      27 |   0.0 |   780
           D:3 |       0 |      86 |   0.0 |       0 |       6 |   0.0 |   295
           D:4 |       0 |      13 |   0.0 |       0 |       1 |   0.0 |   167
               +---------+---------+-------+---------+---------+-------+---------
